 Dungeon Crawl Stone Soup version 0.24.0-123-gd5b16e6ec5 (webtiles) character file.

Game seed: 13064505979290004627, levelgen mode: deterministic

46 FishyPogo the Firebug (level 3, 0/25 HPs)
             Began as a Demonspawn Fire Elementalist on Dec 27, 2019.
             Killed from afar by an orc wizard (8 damage)
             ... with a puff of flame
             ... on level 2 of the Dungeon.
             The game lasted 00:05:27 (951 turns).

FishyPogo the Firebug (Demonspawn Fire Elementalist) Turns: 951, Time: 00:05:28

Health: 0/25       AC:  4    Str:  8    XL:     3   Next: 44%
Magic:  0/6        EV: 12    Int: 17    God:
Gold:   35         SH:  0    Dex: 13    Spells: 0/6 levels left

rFire    . . .     SeeInvis .   b - +0 dagger
rCold    . . .     Gourm    .   (no shield)
rNeg     . . .     Faith    .   a - +0 robe
rPois    .         Spirit   .   (helmet restricted)
rElec    .         Reflect  .   (no cloak)
rCorr    .         Harm     .   (no gloves)
MR       .....                  (no boots)
Stlth    +.........             (no amulet)
HPRegen  0.08/turn              (no ring)
MPRegen  0.10/turn              (no ring)

@: confused
A: antennae 1, iridescent scales 1
a: no special abilities


You were on level 2 of the Dungeon.
You were not hungry.

You visited 1 branch of the dungeon, and saw 2 of its levels.

You collected 35 gold pieces.

Inventory:

Hand Weapons
 b - a +0 dagger (weapon)
Missiles
 i - 7 javelins (quivered)
Armour
 a - a +0 robe (worn)
Scrolls
 f - a scroll of enchant armour {unknown}
 g - a scroll of enchant weapon {unknown}
 h - a scroll of identify {unknown}
 k - a scroll of amnesia {unknown}
Potions
 e - a potion of berserk rage {unknown}
 j - a potion of mutation {unknown}
 l - 2 potions of curing {unknown}
Comestibles
 c - a ration
 d - 7 chunks of flesh


   Skills:
 + Level 0.7 Fighting
 + Level 2.1 Dodging
 - Level 2.0 Stealth
 + Level 2.3 Spellcasting
 * Level 2.1 Conjurations
 + Level 2.9 Fire Magic


You couldn't memorise any spells.
You knew the following spells:

 Your Spells              Type           Power        Failure   Level  Hunger
a - Flame Tongue          Conj/Fire      ##...        7%          1    #......
b - Throw Flame           Conj/Fire      ##....       10%         2    ###....
j - Conjure Flame         Conj/Fire      ##......     21%         3    ###....

Your spell library contained the following spells:

 Spells                   Type           Power        Failure   Level  Hunger
 Inner Flame              Hex/Fire       #.......     30%         3    ###....
 Sticky Flame             Conj/Fire      ##......     54%         4    #####..
 Fireball                 Conj/Fire      ##........   88%         5    ######.


Dungeon Overview and Level Annotations

Branches:
Dungeon (2/15)

Altars:


Innate Abilities, Weirdness & Mutations

You have a pair of small antennae on your head.
You are partially covered in iridescent scales. (AC +2)


Message History

The orc wizard is moderately wounded.
The orc wizard hits you but does no damage.
You hit the orc wizard.
The orc wizard is heavily wounded.
The orc wizard misses you.
You hit the orc wizard.
The orc wizard is heavily wounded.
The orc wizard gestures at you while chanting.
The magic dart hits you!
You hit the orc wizard but do no damage.
The orc wizard is heavily wounded.
The orc wizard points at you and mumbles some strange words.
You are confused.
You're too confused to move!
The orc wizard gestures at you while chanting.
You resist with significant effort.
You bump into the rock wall.
The orc wizard gestures at you while chanting.
The puff of flame hits you!
You die...

#### .... ... # .#...##
#o##### ####..
#.......###.@...###......
.........######..#.......
#.......## ##.........
#........#### ##........
#...........####........
#...........<..รท........
#.......#######.........
#.......# ##........
#......<# #........


You could see an orc wizard.

Vanquished Creatures
  An adder (D:2)
  A worm (D:2)
  4 dart slugs (D:1)
  A leopard gecko (D:1)
  A giant cockroach (D:2)
  4 goblins (D:1)
  A hobgoblin (D:1)
  2 jackals (D:1)
  2 kobolds (D:1)
  A ball python (D:1)
  4 bats (D:1)
  2 frilled lizards
  A rat (D:1)
25 creatures vanquished.

Notes
Turn   | Place    | Note
-------+----------+-------------------------------------------
     0 | D:1      | FishyPogo the Demonspawn Fire Elementalist began the quest
                  | for the Orb.
     0 | D:1      | Reached XP level 1. HP: 13/13 MP: 3/3
   147 | D:1      | Gained mutation: You are partially covered in iridescent
                  | scales. (AC +2) [demonic ancestry]
   147 | D:1      | Reached XP level 2. HP: 16/19 MP: 0/5
   250 | D:1      | Learned a level 2 spell: Throw Flame
   619 | D:1      | Gained mutation: You have a pair of small antennae on your
                  | head. [demonic ancestry]
   619 | D:1      | Reached XP level 3. HP: 25/25 MP: 3/6
   817 | D:2      | Learned a level 3 spell: Conjure Flame
   951 | D:2      | Killed from afar by an orc wizard

Levels and vault maps discovered:
D:1:      sevenhm_arrival_forest_fort_small_4, layout_rooms, minmay_tromino_i2
D:2:      layout_rooms, overflow_temple_1_default, lemuel_round_altar,
          old_standard_altar, nicolae_underground_beach

Skill      XL: |  1  2  3 |
---------------+----------+-----
Stealth        | 2 |  2.0
Dodging        | 2 |  2.1
Conjurations   | 2 |  2.1
Fighting       | |  0.7
Spellcasting   | |  2.3
Fire Magic     | |  2.9

Action                   || total
-------------------------++-------
Melee: Dagger            ||    87
       Unarmed           ||     3
 Cast: Flame Tongue      ||    32
       Throw Flame       ||    14
 Stab: Sleeping          ||     1
  Eat: Chunk             ||     2
Armor: Robe              ||    21
Dodge: Dodged            ||    64
